| TOP OF THE 1ST |
|
San Antonio Missions batting - Pitching for Portland Stag : RHP Dave Burba
|
|
Pitching: RHP Dave Burba
|
|
|
Batting: RHB Damian Jackson
|
0-0: Ball 1-0: Ball 2-0: Foul Ball, location: 2F 2-1: Ball 3-1: Ground out 5-3 (Groundball, 5L, EV 82.5 MPH)
|
|
Batting: SHB Bill Doran
|
0-0: Ball 1-0: Called Strike 1-1: Foul Ball, location: 2F 1-2: Ball 2-2: Strikes out swinging
|
|
Batting: RHB Orlando Miller
|
0-0: Ball 1-0: SOLO HOME RUN (Flyball, 7LD, EV 112.5 MPH), Distance : 359 ft
|
|
Batting: RHB Eric Owens
|
0-0: Ball 1-0: Called Strike 1-1: Foul Ball, location: 2F 1-2: Foul Ball, location: 2F 1-2: Foul Ball, location: 2F 1-2: SINGLE (Groundball, 4MD, EV 95.6 MPH)
|
|
Batting: RHB Kelly Stinnett
|
0-0: Ball 1-0: Swinging Strike 1-1: Ball Eric Owens steals 2nd base 2-1: Foul Ball, location: 2F 2-2: Foul Ball, location: 2F 2-2: Ground out 6-3 (Groundball, 6, EV 80.6 MPH)
|
| Top of the 1st over - 1 run, 2 hits, 0 errors, 1 left on base; San Antonio 1 - Portland 0 |
| BOTTOM OF THE 1ST |
|
Portland Stag batting - Pitching for San Antonio Missions : RHP Jay Tibbs
|
|
Pitching: RHP Jay Tibbs
|
|
|
Batting: SHB Jose Vizcaino
|
0-0: Ball 1-0: Ball 2-0: Swinging Strike 2-1: Foul Ball, location: 2F 2-2: SINGLE (Groundball, 6MD, EV 100.0 MPH)
|
|
Batting: RHB Fernando Tatis
|
0-0: Ball 1-0: Fly out, F9 (Flyball, 89D, EV 86.3 MPH)
|
|
Batting: RHB Jeff Kunkel
|
0-0: Foul Ball, location: 2F 0-1: Foul Ball, location: 2F 0-2: Foul Ball, location: 2F 0-2: Foul Ball, location: 2F 0-2: Ball 1-2: Foul Ball, location: 2F 1-2: Strikes out swinging
|
|
Batting: LHB Mark P Johnson
|
0-0: Ball 1-0: SINGLE (Line Drive, 8LS, EV 112.5 MPH) Jose Vizcaino to second Runner from 2nd tries for 3rd, SAFE, throw by CF made to third
|
|
Batting: RHB Wes Chamberlain
|
0-0: Ground out 4-3 (Groundball, 34, EV 83.8 MPH)
|
| Bottom of the 1st over - 0 runs, 2 hits, 0 errors, 2 left on base; San Antonio 1 - Portland 0 |
| TOP OF THE 2ND |
|
San Antonio Missions batting - Pitching for Portland Stag : RHP Dave Burba
|
|
Batting: LHB Scott Livingstone
|
0-0: Fly out, F7 (Flyball, 7S, EV 85.6 MPH)
|
|
Batting: RHB Luis Sojo
|
0-0: Ball 1-0: Foul Ball, location: 2F 1-1: Fly out, F9 (Flyball, 9, EV 82.5 MPH)
|
|
Batting: RHB Mike Difelice
|
0-0: Foul Ball, location: 2F 0-1: SINGLE (Groundball, 4D, EV 102.5 MPH)
|
|
Batting: SHB Alex Diaz
|
0-0: Ball 1-0: Foul Ball, location: 2F 1-1: Foul Ball, location: 2F 1-2: Ball 2-2: Strikes out swinging
|
| Top of the 2nd over - 0 runs, 1 hit, 0 errors, 1 left on base; San Antonio 1 - Portland 0 |
| BOTTOM OF THE 2ND |
|
Portland Stag batting - Pitching for San Antonio Missions : RHP Jay Tibbs
|
|
Batting: RHB Chris Widger
|
0-0: Ground out 6-3 (Groundball, 6, EV 103.8 MPH)
|
|
Batting: RHB Alex S Gonzalez
|
0-0: Ball 1-0: Ball 2-0: Ball 3-0: Called Strike 3-1: Foul Ball, location: 2F 3-2: Foul Ball, location: 2F 3-2: Base on Balls
|
|
Batting: RHB Josh Booty
|
0-0: Ball 1-0: Ball 2-0: Called Strike 2-1: Called Strike 2-2: Ball 3-2: Foul Ball, location: 2F 3-2: Fielders Choice at 2nd, 1-4 (Groundball, 15S, EV 66.9 MPH)
|
|
Batting: LHB Yoshinobu Takahashi
|
0-0: Ball 1-0: Called Strike 1-1: Ball 2-1: Foul Ball, location: 2F 2-2: Ball 3-2: Strikes out looking
|
| Bottom of the 2nd over - 0 runs, 0 hits, 0 errors, 1 left on base; San Antonio 1 - Portland 0 |
| TOP OF THE 3RD |
|
San Antonio Missions batting - Pitching for Portland Stag : RHP Dave Burba
|
|
Batting: RHB Damian Jackson
|
0-0: Foul Ball, location: 2F 0-1: Ground out 6-3 (Groundball, 6, EV 86.9 MPH)
|
|
Batting: SHB Bill Doran
|
0-0: Ball 1-0: Ground out 1-3 (Groundball, 13, EV 90.0 MPH)
|
|
Batting: RHB Orlando Miller
|
0-0: Ball 1-0: SINGLE (Line Drive, 78S, EV 93.8 MPH)
|
|
Batting: RHB Eric Owens
|
0-0: Foul Ball, location: 2F 0-1: Foul Ball, location: 2F 0-2: Foul Ball, location: 2F 0-2: Ball 1-2: Foul Ball, location: 2F 1-2: Ball 2-2: Foul Ball, location: 2F 2-2: SINGLE (Groundball, 56D, EV 111.3 MPH) Orlando Miller to second
|
|
Batting: RHB Kelly Stinnett
|
0-0: Called Strike 0-1: Foul Ball, location: 2F 0-2: Ball 1-2: Ball 2-2: Strikes out swinging
|
| Top of the 3rd over - 0 runs, 2 hits, 0 errors, 2 left on base; San Antonio 1 - Portland 0 |
| BOTTOM OF THE 3RD |
|
Portland Stag batting - Pitching for San Antonio Missions : RHP Jay Tibbs
|
|
Batting: SHB Jose Vizcaino
|
0-0: Ball 1-0: Swinging Strike 1-1: Foul Ball, location: 2F 1-2: Foul Ball, location: 2F 1-2: Strikes out looking
|
|
Batting: RHB Fernando Tatis
|
0-0: Swinging Strike 0-1: Ball 1-1: Foul Ball, location: 2F 1-2: Strikes out looking
|
|
Batting: RHB Jeff Kunkel
|
0-0: Called Strike 0-1: Ground out 1-3 (Groundball, 13S, EV 71.3 MPH)
|
| Bottom of the 3rd over - 0 runs, 0 hits, 0 errors, 0 left on base; San Antonio 1 - Portland 0 |
| TOP OF THE 4TH |
|
San Antonio Missions batting - Pitching for Portland Stag : RHP Dave Burba
|
|
Batting: LHB Scott Livingstone
|
0-0: Called Strike 0-1: Ground out 6-3 (Groundball, 6, EV 85.0 MPH)
|
|
Batting: RHB Luis Sojo
|
0-0: Fly out, F9 (Flyball, 9S, EV 78.8 MPH)
|
|
Batting: RHB Mike Difelice
|
0-0: Called Strike 0-1: Swinging Strike 0-2: Strikes out swinging
|
| Top of the 4th over - 0 runs, 0 hits, 0 errors, 0 left on base; San Antonio 1 - Portland 0 |
| BOTTOM OF THE 4TH |
|
Portland Stag batting - Pitching for San Antonio Missions : RHP Jay Tibbs
|
|
Batting: LHB Mark P Johnson
|
0-0: SINGLE (Groundball, 6MD, EV 94.4 MPH)
|
|
Batting: RHB Wes Chamberlain
|
0-0: Ball 1-0: Ball 2-0: Ball 3-0: Called Strike 3-1: Foul Ball, location: 2F 3-2: Fly out, F9 (Line Drive, 9, EV 86.3 MPH)
|
|
Batting: RHB Chris Widger
|
0-0: Swinging Strike 0-1: Called Strike 0-2: Foul Ball, location: 2F 0-2: Ball 1-2: Ball 2-2: Strikes out looking
|
|
Batting: RHB Alex S Gonzalez
|
0-0: Called Strike 0-1: Ball 1-1: Fielders Choice at 2nd, 5-4 (Groundball, 56, EV 107.5 MPH)
|
| Bottom of the 4th over - 0 runs, 1 hit, 0 errors, 1 left on base; San Antonio 1 - Portland 0 |
| TOP OF THE 5TH |
|
San Antonio Missions batting - Pitching for Portland Stag : RHP Dave Burba
|
|
Batting: SHB Alex Diaz
|
0-0: Called Strike 0-1: Ground out 6-3 (Groundball, 6M, EV 89.4 MPH)
|
|
Batting: RHB Damian Jackson
|
0-0: Ball 1-0: Called Strike 1-1: Called Strike 1-2: Strikes out looking
|
|
Batting: SHB Bill Doran
|
0-0: Ball 1-0: Foul Ball, location: 2F 1-1: SINGLE (Line Drive, 34, EV 98.1 MPH)
|
|
Batting: RHB Orlando Miller
|
0-0: Called Strike 0-1: Foul Ball, location: 2F 0-2: Ball 1-2: Strikes out swinging
|
| Top of the 5th over - 0 runs, 1 hit, 0 errors, 1 left on base; San Antonio 1 - Portland 0 |
| BOTTOM OF THE 5TH |
|
Portland Stag batting - Pitching for San Antonio Missions : RHP Jay Tibbs
|
|
Batting: RHB Josh Booty
|
0-0: Swinging Strike 0-1: Swinging Strike 0-2: Foul Ball, location: 2F 0-2: DOUBLE (Line Drive, 7LM, EV 106.3 MPH)
|
|
Batting: LHB Yoshinobu Takahashi
|
0-0: Called Strike 0-1: Foul Ball, location: 2F 0-2: Ball 1-2: Foul Ball, location: 2F 1-2: Strikes out swinging
|
|
Batting: SHB Jose Vizcaino
|
0-0: Ball 1-0: Foul Ball, location: 2F 1-1: Ball 2-1: Ball 3-1: Called Strike 3-2: SINGLE (Groundball, 4D, EV 98.8 MPH) Josh Booty to third
|
|
Batting: RHB Fernando Tatis
|
0-0: Ball 1-0: Ball 2-0: Called Strike 2-1: Ball 3-1: Ground out 6-3 (Groundball, 6S, EV 68.8 MPH) Josh Booty scores Jose Vizcaino to second
|
|
Batting: RHB Jeff Kunkel
|
0-0: Ball 1-0: Called Strike 1-1: Foul Ball, location: 2F 1-2: Foul Ball, location: 2F 1-2: Ball 2-2: Fly out, F8 (Flyball, 8LD, EV 105.6 MPH)
|
| Bottom of the 5th over - 1 run, 2 hits, 0 errors, 1 left on base; San Antonio 1 - Portland 1 |
| TOP OF THE 6TH |
|
San Antonio Missions batting - Pitching for Portland Stag : RHP Dave Burba
|
|
Batting: RHB Eric Owens
|
0-0: Ball 1-0: Called Strike 1-1: Ball 2-1: Foul Ball, location: 2F 2-2: Foul Ball, location: 2F 2-2: Foul Ball, location: 2F 2-2: Ground out 4-3 (Groundball, 4M, EV 96.9 MPH)
|
|
Batting: RHB Kelly Stinnett
|
0-0: Swinging Strike 0-1: Swinging Strike 0-2: Foul Ball, location: 2F 0-2: Fly out, F7 (Flyball, 78D, EV 111.3 MPH)
|
|
Batting: LHB Scott Livingstone
|
0-0: Ball 1-0: Ball 2-0: Foul Ball, location: 2F 2-1: Foul Ball, location: 2F 2-2: Fly out, F8 (Flyball, 8RD, EV 97.5 MPH)
|
| Top of the 6th over - 0 runs, 0 hits, 0 errors, 0 left on base; San Antonio 1 - Portland 1 |
| BOTTOM OF THE 6TH |
|
Portland Stag batting - Pitching for San Antonio Missions : RHP Jay Tibbs
|
|
Batting: LHB Mark P Johnson
|
0-0: Called Strike 0-1: Foul Ball, location: 2F 0-2: Strikes out swinging
|
|
Batting: RHB Wes Chamberlain
|
0-0: Ball 1-0: Ball 2-0: Called Strike 2-1: Foul Ball, location: 2F 2-2: Hit by Pitch
|
|
Batting: RHB Chris Widger
|
0-0: Ball 1-0: Fly out, F9 (Flyball, 9LM, EV 90.6 MPH)
|
|
Batting: RHB Alex S Gonzalez
|
0-0: Ball 1-0: DOUBLE (Groundball, 5L, EV 106.3 MPH) Wes Chamberlain to third Runner from 3rd tries for Home, SAFE, throw by LF to home
|
|
Batting: RHB Josh Booty
|
0-0: Ground out 5-3 (Groundball, 56S, EV 61.3 MPH)
|
| Bottom of the 6th over - 1 run, 1 hit, 0 errors, 1 left on base; San Antonio 1 - Portland 2 |
| TOP OF THE 7TH |
|
San Antonio Missions batting - Pitching for Portland Stag : RHP Dave Burba
|
|
Batting: RHB Luis Sojo
|
0-0: Ball 1-0: Called Strike 1-1: Swinging Strike 1-2: Ball 2-2: Ball 3-2: Base on Balls
|
|
Batting: RHB Mike Difelice
|
0-0: Bunted foul 0-1: Bunt - Flyout to P - DP at third! 1-3
|
|
Batting: SHB Alex Diaz
|
0-0: Ball 1-0: Called Strike 1-1: Fly out, F7 (Line Drive, 7D, EV 108.8 MPH)
|
| Top of the 7th over - 0 runs, 0 hits, 0 errors, 0 left on base; San Antonio 1 - Portland 2 |
| BOTTOM OF THE 7TH |
|
Portland Stag batting - Pitching for San Antonio Missions : RHP Jay Tibbs
|
|
Batting: LHB Yoshinobu Takahashi
|
0-0: Called Strike 0-1: Foul Ball, location: 2F 0-2: Foul Ball, location: 2F 0-2: Foul Ball, location: 2F 0-2: Ball 1-2: Ball 2-2: Ball 3-2: Base on Balls
|
|
Batting: SHB Jose Vizcaino
|
0-0: Bunted foul 0-1: Sac Bunt to 3S - play at first, batter OUT! 3-1 Yoshinobu Takahashi to second
|
|
Batting: RHB Fernando Tatis
|
0-0: Ball 1-0: Called Strike 1-1: Ball 2-1: Swinging Strike 2-2: Foul Ball, location: 2F 2-2: Foul Ball, location: 2F 2-2: Strikes out swinging
|
|
Pitching: LHP Graeme Lloyd
|
|
|
Batting: RHB Jeff Kunkel
|
0-0: Called Strike 0-1: Ball 1-1: Foul Ball, location: 2F 1-2: Foul Ball, location: 2F 1-2: Foul Ball, location: 2F 1-2: Foul Ball, location: 2F 1-2: Ball 2-2: SINGLE (Flyball, 9S, EV 86.9 MPH) Yoshinobu Takahashi to third
|
|
Batting: LHB Mark P Johnson
|
0-0: Called Strike 0-1: Fly out, F9 (Flyball, 9, EV 90.0 MPH)
|
| Bottom of the 7th over - 0 runs, 1 hit, 0 errors, 2 left on base; San Antonio 1 - Portland 2 |
| TOP OF THE 8TH |
|
San Antonio Missions batting - Pitching for Portland Stag : RHP Dave Burba
|
|
Pitching: RHP Dilson Torres
|
|
|
Batting: RHB Damian Jackson
|
0-0: Called Strike 0-1: Called Strike 0-2: Strikes out swinging
|
|
Batting: SHB Bill Doran
|
0-0: Ball 1-0: Foul Ball, location: 2F 1-1: Called Strike 1-2: Ball 2-2: Foul Ball, location: 2F 2-2: Ground out 4-3 (Groundball, 34, EV 99.4 MPH)
|
|
Batting: RHB Orlando Miller
|
0-0: Swinging Strike 0-1: Ball 1-1: Foul Ball, location: 2F 1-2: Ground out U3 (Groundball, 34, EV 85.0 MPH)
|
| Top of the 8th over - 0 runs, 0 hits, 0 errors, 0 left on base; San Antonio 1 - Portland 2 |
| BOTTOM OF THE 8TH |
|
Portland Stag batting - Pitching for San Antonio Missions : LHP Graeme Lloyd
|
|
Batting: RHB Wes Chamberlain
|
0-0: Swinging Strike 0-1: Ball 1-1: Swinging Strike 1-2: Strikes out swinging
|
|
Batting: RHB Chris Widger
|
0-0: Called Strike 0-1: Fly out, F3 (Popup, 34, EV 82.5 MPH)
|
|
Batting: RHB Alex S Gonzalez
|
0-0: Called Strike 0-1: Fly out, F7 (Flyball, 7LSF, EV 84.4 MPH)
|
| Bottom of the 8th over - 0 runs, 0 hits, 0 errors, 0 left on base; San Antonio 1 - Portland 2 |
| TOP OF THE 9TH |
|
San Antonio Missions batting - Pitching for Portland Stag : RHP Dilson Torres
|
|
Pitching: RHP Kerry Ligtenberg
|
|
|
Pinch Hitting: LHB Mo Vaughn
|
0-0: Ball 1-0: Ball 2-0: Ball 3-0: Base on Balls
|
|
Batting: RHB Kelly Stinnett
|
0-0: Ball 1-0: Ball 2-0: SINGLE (Groundball, 6D, EV 105.0 MPH) Mo Vaughn to second
|
|
Pinch Runner at 2nd Michael Coleman:
|
|
|
Batting: LHB Scott Livingstone
|
0-0: Reached on error, E6 (Groundball, 56, EV 87.5 MPH) Michael Coleman to third Kelly Stinnett to second
|
|
Pinch Hitting: LHB David Hulse
|
0-0: Called Strike 0-1: Foul Ball, location: 2F 0-2: Ball 1-2: Grounds into fielders choice 4-2 (Groundball, 4, EV 81.3 MPH) Kelly Stinnett to third Scott Livingstone to second
|
|
Pinch Hitting: LHB Brooks Kieschnick
|
0-0: Foul Ball, location: 2F 0-1: Called Strike 0-2: Fly out, F8 (Flyball, 8LS, EV 96.3 MPH)
|
|
Pinch Hitting: RHB David Green
|
0-0: Foul Ball, location: 2F 0-1: Foul Ball, location: 2F 0-2: Strikes out swinging
|
| Top of the 9th over - 0 runs, 1 hit, 1 error, 3 left on base; San Antonio 1 - Portland 2 |
|